 Dungeon Crawl Stone Soup version 0.23.1 (webtiles) character file.

Game seed: 9900844765924884180

478 Borgoz the Cutter (level 7, -4/59 HPs)
             Began as a Ghoul Monk on Mar 17, 2019.
             Slain by Sigmund
             ... wielding a +0 scythe
              (7 damage)
             ... on level 5 of the Dungeon.
             The game lasted 00:05:35 (2553 turns).

Borgoz the Cutter (Ghoul Monk)                      Turns: 2553, Time: 00:05:36

Health: -4/59      AC:  6    Str: 22    XL:     7   Next: 11%
Magic:  6/6        EV: 13    Int:  6    God:
Gold:   118        SH:  0    Dex: 12    Spells: 6/6 levels left

rFire    . . .     SeeInvis .   m - +2 short sword (flame)
rCold    + . .     Gourm    .   (no shield)
rNeg     + + +     Faith    .   u - +0 ring mail
rPois    ∞         Spirit   .   (no helmet)
rElec    .         Reflect  .   n - +0 cloak
rCorr    .         Harm     .   (no gloves)
MR       .....                  (no boots)
Stlth    ++........             i - amulet of the acrobat
HPRegen  0.00/turn              j - ring of wizardry
MPRegen  0.10/turn              s - +2 ring of strength

@: mighty, rotting
A: rotting body, claws 1, carnivore, cold resistance 1, negative energy
resistance 3, inhibited regeneration, torment resistance, unbreathing
a: no special abilities


You were on level 5 of the Dungeon.
You were not hungry.

You visited 1 branch of the dungeon, and saw 5 of its levels.

You collected 118 gold pieces.

Inventory:

Hand Weapons
 d - a +0 vampiric short sword
 m - a +2 short sword of flaming (weapon)
Missiles
 b - 3 tomahawks (quivered)
Armour
 n - a +0 cloak (worn)
 u - a +0 ring mail (worn)
Jewellery
 i - an amulet of the acrobat (around neck)
 j - a ring of wizardry (left claw)
 s - a +2 ring of strength (right claw)
Wands
 v - a wand of digging (6)
Scrolls
 a - a scroll of enchant armour {unknown}
 e - a scroll of random uselessness {unknown}
 f - 10 scrolls of identify {unknown}
 h - a scroll of enchant weapon {unknown}
 k - 6 scrolls of remove curse {unknown}
 l - a scroll of fear {unknown}
 p - a scroll of immolation {unknown}
 t - a scroll of blinking {unknown}
Potions
 q - a potion of might
 r - a potion of degeneration {unknown}
Comestibles
 c - 3 rations


   Skills:
 + Level 4.2 Fighting
 * Level 4.3 Short Blades
 * Level 3.0 Armour
 * Level 4.1 Dodging
 + Level 3.6 Stealth


You had 6 spell levels left.
You didn't know any spells.
Your spell library was empty.

Dungeon Overview and Level Annotations

Branches:
Dungeon (5/15)
 Temple: D:4-7

Altars:
Dithmenos
Makhleb
Sif Muna
Xom

Shops:
D:4 }

Portals:
Sewer: D:5

Annotations:
D:4 Menkaure
D:5 Sigmund


Innate Abilities, Weirdness & Mutations

Your body is rotting away.
You thrive on raw meat.
You are immune to poison.
You have sharp fingernails.
You are carnivorous and can eat meat at any time.
Your flesh is cold resistant. (rC+)
You are immune to negative energy. (rN+++)
You do not regenerate when monsters are visible.
You are immune to unholy pain and torment.
You can survive without breathing.


Message History

You hit the hound. You burn the hound.
The hound is lightly wounded.
The hound bites you but does no damage.
You hear some strange, mumbled words.
A puff of flame appears from out of thin air!
The puff of flame hits you!
* * * LOW HITPOINT WARNING * * *
It was a potion of cancellation.
You feel magically purged. The hound barely misses you. Something hits you!
* * * LOW HITPOINT WARNING * * *
The hound completely misses you.
You hit the hound but do no damage.
The hound is lightly wounded.
The hound bites you but does no damage.
It was a potion of might.
You feel very mighty all of a sudden. The hound bites you.
* * * LOW HITPOINT WARNING * * *
Something hits you!
You die...

#[..≈≈..∩......#
######...≈≈.....≈≈..
#........≈≈.....≈≈.#
#<.##≈≈.≈≈#
#..##{≈≈≈≈##.#.
#..............
#.#.##..##.....
#..S##{## ....
##.h@..# ... #.###.#
. #)# #... #.# #####
#.# #.# #.# ...


You could see a hound and an adder.

Vanquished Creatures
  An ogre (D:4)
  A scorpion (D:4)
  A howler monkey (D:5)
  A hound (D:5)
  An orc priest (D:4)
  An orc wizard (D:4)
  A worker ant (D:3)
  7 adders
  3 gnolls
  7 worms
  A leopard gecko (D:4)
  8 orcs
  A ball python (D:2)
  5 giant cockroaches
  8 goblins
  6 hobgoblins
  13 kobolds
  9 bats
  3 frilled lizards
  6 rats
84 creatures vanquished.

Notes
Turn   | Place    | Note
-------+----------+-------------------------------------------
     0 | D:1      | Borgoz the Ghoul Monk began the quest for the Orb.
     0 | D:1      | Reached XP level 1. HP: 19/19 MP: 0/0
   128 | D:1      | Reached XP level 2. HP: 26/26 MP: 1/1
   531 | D:2      | Found a shimmering altar of Xom.
   531 | D:2      | Found a burning altar of Makhleb.
   541 | D:2      | Reached XP level 3. HP: 18/31 MP: 2/2
   656 | D:2      | Reached skill level 1 in Armour
   846 | D:2      | Reached XP level 4. HP: 18/39 MP: 3/3
  1550 | D:3      | Found a shadowy altar of Dithmenos.
  1713 | D:3      | Reached XP level 5. HP: 41/46 MP: 4/4
  1921 | D:3      | Found a deep blue altar of Sif Muna.
  2012 | D:4      | Noticed an ogre
  2022 | D:4      | Killed an ogre
  2022 | D:4      | Reached XP level 6. HP: 35/52 MP: 5/5
  2450 | D:4      | Found Xonoff's Gadget Shop.
  2488 | D:4      | Noticed Menkaure
  2493 | D:5      | Entered Level 5 of the Dungeon
  2493 | D:5      | Found a glowing drain.
  2507 | D:5      | Reached XP level 7. HP: 28/59 MP: 6/6
  2526 | D:5      | Noticed Sigmund
  2553 | D:5      | Slain by Sigmund

Skill      XL: |  1  2  3  4  5  6  7 |
---------------+----------------------+-----
Short Blades   | 3 4 |  4.3
Dodging        | 3 4 |  4.1
Armour         | 1 2 3 |  3.0
Stealth        | 3 |  3.6
Fighting       | 4 |  4.2

Action                   |  1- 3 |  4- 6 |  7- 9 || total
-------------------------+-------+-------+-------++-------
Melee: Short sword       |    93 |   182 |    19 ||   294
  Use: Potion            |       |       |     2 ||     2
 Stab: Sleeping          |     4 |     8 |       ||    12
  Eat: Chunk             |     7 |    13 |     4 ||    24
Armor: Robe              |    15 |    16 |       ||    31
       Scale mail        |       |     9 |       ||     9
       Ring mail         |       |     5 |     6 ||    11
Dodge: Dodged            |    62 |   113 |    13 ||   188
